 Dungeon Crawl Stone Soup version 0.23.2-1-ga50397a6bc (webtiles) character file.

Game seed: 4458429109256352470

402 Mrkan the Cudgeler (level 7, -4/55 HPs)
             Began as a Formicid Fighter on May 14, 2019.
             Killed by nerve-wracking pain
             ... invoked by Grinder
              (9 damage)
             ... on level 3 of the Dungeon.
             The game lasted 00:08:36 (2527 turns).

Mrkan the Cudgeler (Formicid Fighter)               Turns: 2527, Time: 00:08:37

Health: -4/55      AC:  6    Str: 22    XL:     7   Next: 11%
Magic:  7/7        EV:  8    Int:  7    God:
Gold:   59         SH:  9    Dex: 11    Spells: 6/6 levels left

rFire    . . .     SeeInvis +   o - +2 whip (vamp)
rCold    . . .     Gourm    .   c - +0 shield
rNeg     . . .     Faith    .   b - +0 scale mail
rPois    .         Spirit   .   (helmet unavailable)
rElec    .         Reflect  .   (no cloak)
rCorr    .         Harm     .   (no gloves)
MR       .....                  (no boots)
Stlth    ..........             (no amulet)
HPRegen  0.18/turn              (no ring)
MPRegen  0.10/turn              (no ring)

@: no status effects
A: permanent stasis, dig shafts and tunnels, four strong arms, antennae 3
a: Dig, Shaft Self


You were on level 3 of the Dungeon.
You were not hungry.

You visited 1 branch of the dungeon, and saw 3 of its levels.

You collected 59 gold pieces.

Inventory:

Hand Weapons
 a - a +0 flail
 o - a +2 vampiric whip (weapon)
 p - a +0 whip of pain
Armour
 b - a +0 scale mail (worn)
 c - a +0 shield (worn)
Jewellery
 k - an uncursed amulet of magic regeneration {unknown}
Wands
 n - a wand of disintegration (7)
Scrolls
 e - 2 scrolls of fear {unknown}
 g - 2 scrolls of enchant armour {unknown}
 j - 5 scrolls of identify
 l - a scroll of teleportation {unknown}
Potions
 d - 2 potions of might
 h - a potion of curing {unknown}
 i - a potion of invisibility {unknown}
 m - a potion of ambrosia {unknown}
 q - a potion of brilliance {unknown}
 r - a potion of cancellation {unknown}
Comestibles
 f - 5 rations


   Skills:
 + Level 4.4 Fighting
 * Level 6.3 Maces & Flails
 - Level 3.2 Armour
 + Level 0.9 Dodging
 + Level 0.4 Stealth
 - Level 3.6 Shields


You had 6 spell levels left.
You didn't know any spells.
Your spell library was empty.

Dungeon Overview and Level Annotations

Branches:
Dungeon (3/15)

Altars:
Trog

Annotations:
D:3 Grinder


Innate Abilities, Weirdness & Mutations

You cannot be hasted, slowed, berserked, paralysed or teleported.
You can dig through walls and to a lower floor.
Your four strong arms can wield two-handed weapons with a shield.
You have a pair of large antennae on your head. (SInv)


Message History

* * * LOW HITPOINT WARNING * * *
You whack the orc!
You feel better.
You kill the orc!
You closely miss the giant cockroach. The giant cockroach barely misses you.
You hit the giant cockroach.
You feel better.
The giant cockroach is heavily wounded.
Grinder gestures at you. Pain shoots through your body!
* * * LOW HITPOINT WARNING * * *
The giant cockroach bites you but does no damage.
You hit the giant cockroach.
You feel better.
You kill the giant cockroach!
Grinder barely misses you. Grinder gestures at you.
Pain shoots through your body!
* * * LOW HITPOINT WARNING * * *
You see here a +0 club.
Grinder gestures at you. Pain shoots through your body!
You die...

###..#.# #..#########^# #.
#..#.#####..#......##.# #.
##..#.............#.##.# #.
#...........†..##.#.##.# #.
#####...####..........#.##.#
#. #.......#
#...#...........####.
#.####..#
#...######...........
##.####.#####...###
###.##.####.
#..........)#...@.# #.##.# #.
#..##.........#.#.# #.##.# #.
#.....)...#.###.#.# #.##..{ ..
#..##.#......##.#5######.##..
##
#..##.#......##.#.#...##......
#............##.#.....#####..#
#.###.#........>###...#
...##.#.........####.###### {
......#....#....5...........


You could see Grinder.

Vanquished Creatures
  An ice beast (D:2)
  2 orc priests (D:3)
  2 orc wizards (D:3)
  2 worker ants (D:2)
  3 adders
  A shadow imp (D:3)
  2 oozes
  4 worms
  4 dart slugs
  2 leopard geckos
  11 orcs (D:3)
  A ball python (D:1)
  7 bats
  3 giant cockroaches
  4 goblins
  8 hobgoblins
  2 jackals (D:2)
  7 kobolds
  A quokka (D:2)
  4 frilled lizards
  13 rats
84 creatures vanquished.

Notes
Turn   | Place    | Note
-------+----------+-------------------------------------------
     0 | D:1      | Mrkan the Formicid Fighter began the quest for the Orb.
     0 | D:1      | Reached XP level 1. HP: 18/18 MP: 1/1
    38 | D:1      | Reached XP level 2. HP: 18/24 MP: 2/2
   263 | D:1      | Reached XP level 3. HP: 30/30 MP: 3/3
   270 | D:1      | Reached skill level 3 in Maces & Flails
   755 | D:2      | Reached XP level 4. HP: 36/37 MP: 4/4
   804 | D:2      | Reached skill level 4 in Maces & Flails
   864 | D:2      | Reached XP level 5. HP: 31/42 MP: 5/5
   988 | D:2      | Found a bloodstained altar of Trog.
  1097 | D:2      | Noticed an ice beast
  1112 | D:2      | Killed an ice beast
  1112 | D:2      | Reached skill level 5 in Maces & Flails
  1112 | D:2      | Reached XP level 6. HP: 9/48 MP: 6/6
  2084 | D:3      | Reached skill level 6 in Maces & Flails
  2347 | D:3      | Reached XP level 7. HP: 34/55 MP: 7/7
  2450 | D:3      | Noticed Grinder
  2527 | D:3      | Killed from afar by Grinder

Skill      XL: |  1  2  3  4  5  6 |
---------------+-------------------+-----
Maces & Flails | 3 4 5 6 |  6.3
Fighting       | 4 |  4.4
Armour         | |  3.2
Dodging        | |  0.9
Stealth        | |  0.4
Shields        | |  3.6

Action                   |  1- 3 |  4- 6 |  7- 9 || total
-------------------------+-------+-------+-------++-------
Melee: Flail             |   102 |    51 |       ||   153
       Whip              |       |   154 |    47 ||   201
  Use: Scroll            |       |     1 |       ||     1
  Eat: Ration            |       |     3 |       ||     3
Armor: Scale mail        |    54 |    49 |     8 ||   111
Dodge: Dodged            |    27 |    57 |     5 ||    89
Block: Shield            |    40 |   100 |    13 ||   153
